 Dungeon Crawl Stone Soup version 0.29-a0-857-g9b1aa3ac5b (webtiles) character file.

Game seed: 15197379469394272770

8 JoshKwa the Gusty (level 1, -1/14 HPs)
             Began as a Demigod Air Elementalist on July 16, 2022.
             Frozen to death by an endoplasm (5 damage)
             ... on level 1 of the Dungeon.
             The game lasted 00:05:17 (747 turns).

JoshKwa the Gusty (Demigod Air Elementalist)         Turns: 747, Time: 00:05:18

Health: -1/14      AC:  0    Str:  9    XL:     1   Next: 80%
Magic:  5/5        EV: 12    Int: 17    God:
Gold:   25         SH:  0    Dex: 14    Spells: 3/4 levels left

rFire   . . .      SeeInvis .   h - staff of conjuration
rCold   . . .      Faith    .   (no shield)
rNeg    . . .      Spirit   .   (no body armour)
rPois   .          Reflect  .   (no helmet)
rElec   .          Harm     .   (no cloak)
rCorr   .          Rampage  .   (no gloves)
Will    .....                   (no boots)
Stlth   ++........              (no amulet)
HPRegen 0.04/turn               (no ring)
MPRegen 0.09/turn               (no ring)

@: no status effects
A: high MP 1, forlorn, divine attributes
a: no special abilities


You were on level 1 of the Dungeon.
You visited 1 branch of the dungeon, and saw 1 of its levels.

You collected 25 gold pieces.

Inventory:

Magical Staves
 h - a staff of conjuration (weapon)
Scrolls
 d - a scroll of summoning {unknown}
 e - a scroll of noise {unknown}
 f - a scroll of teleportation {unknown}
Potions
 b - a potion of magic
 g - a potion of brilliance {unknown}


   Skills:
 + Level 0.5 Armour
 + Level 1.8 Dodging
 + Level 1.7 Stealth
 * Level 2.0 Spellcasting
 + Level 0.8 Conjurations
 + Level 2.8 Air Magic


You had 3 spell levels left.
You knew the following spells:

 Your Spells              Type           Power      Damage    Failure   Level
a - Shock                 Conj/Air       48%        1d6       9%          1

Your spell library contained the following spells:

 Spells                   Type           Power      Damage    Failure   Level
 Static Discharge         Conj/Air       12%        3-5/arc   14%         2
 Swiftness                Air            11%        N/A       19%         3
 Airstrike                Air            5%         0-3+      52%         4


Dungeon Overview and Level Annotations

Branches:
Dungeon (1/15)


Innate Abilities, Weirdness & Mutations

You have an increased reservoir of magic. (+10% MP)
You shall have no god before yourself.
Your divine heritage dramatically boosts your attributes as you level up.


Message History

Confirm with . or Enter, or press ? or * to list all spells.
Okay, then.
A rat comes into view.
A frilled lizard comes into view.
You hit the rat.
You kill the rat!
Your Spellcasting skill increases to level 2!
You see here a rat corpse.
Found a scroll labelled JAIP NYFIKH.
The helpless frilled lizard fails to defend itself.
You hit the frilled lizard.
The frilled lizard is heavily wounded.
The frilled lizard bites you.
You hit the frilled lizard.
You kill the frilled lizard!
A frilled lizard comes into view.
A goblin and a bat come into view.
An endoplasm comes into view.
Found a book of Displacement.
Found a stone staircase leading down.
The bat closely misses you. The bat barely misses you.
You hit the bat.
You kill the bat!
The frilled lizard hisses angrily.
The goblin barely misses you. The goblin misses you.
You see here a bat corpse.
The goblin hits you with a +0 club.
You closely miss the frilled lizard.
The endoplasm quivers.
The goblin misses you. The frilled lizard barely misses you.
You closely miss the frilled lizard. The endoplasm freezes you.
You are frozen.
The goblin hits you with a +0 club. The frilled lizard bites you.
* * * LOW HITPOINT WARNING * * *
The frilled lizard closely misses you. The endoplasm freezes you.
You are frozen.
You die...

##########
.........###############
.>....?.........†.......
.......†g###############
......l@J###.........###
.....................)..
.........###.........###
.........# ###########
.........# .:.......#
##......## #......#


You could see an endoplasm, a goblin and a frilled lizard.

Vanquished Creatures
  A quokka (D:1)
  2 ball pythons (D:1)
  2 bats (D:1)
  3 frilled lizards (D:1)
  A goblin (D:1)
  2 rats (D:1)
11 creatures vanquished.

Notes
Turn   | Place    | Note
-------+----------+-------------------------------------------
     0 | D:1      | JoshKwa the Demigod Air Elementalist began the quest for
                  | the Orb.
     0 | D:1      | Reached XP level 1. HP: 14/14 MP: 5/5
   747 | D:1      | Frozen to death by an endoplasm

Illustrated notes

Levels and vault maps discovered:
D:1:      psy_arrival_spokes, layout_basic

Skill      XL: |  1 |
---------------+----+-----
Spellcasting   | 2 |  2.0
Armour         | |  0.5
Dodging        | |  1.8
Stealth        | |  1.7
Conjurations   | |  0.8
Air Magic      | |  2.8

Action                   || total
-------------------------++-------
Melee: Club              ||    33
       Staff             ||     6
       Unarmed           ||     3
       Punch             ||     1
 Cast: Shock             ||     4
 Stab: Sleeping          ||     1
Armor: Chain mail        ||    35
Dodge: Dodged            ||    18

Table legend: (Time is in decaauts)
 A = Elapsed time spent in this place.
 B = Non-inter-level travel time spent in this place.
 C = Inter-level travel time spent in this place.
 D = Time resting spent in this place.
 E = Time spent auto-exploring this place.
 F = Levels seen in this place.
 G = Mean time per level.
                   A        B        C        D        E       F      G
               +--------+--------+--------+--------+--------+-----+--------+
         Total |    756 |    635 |    121 |      0 |      0 |   1 |  756.0 |
       Dungeon |    756 |    635 |    121 |      0 |      0 |   1 |  756.0 |
               +--------+--------+--------+--------+--------+-----+--------+

Top non-repeatable levels by time:
     D:1: 756 daAuts
